 Dungeon Crawl Stone Soup version 0.30-a0-722-g3e6e8c874d (webtiles) character file.

Game seed: 4494580549856542513

110 gelatine the Chopper (level 4, -2/33 HPs)
             Began as a Demonspawn Gladiator on Jan 28, 2023.
             Slain by an orc
             ... wielding a +0 club
              (3 damage)
             ... on level 3 of the Dungeon.
             The game lasted 00:02:58 (1985 turns).

gelatine the Chopper (Demonspawn Gladiator)         Turns: 1985, Time: 00:02:59

Health: -2/33      AC:  5    Str: 15    XL:     4   Next: 61%
Magic:  5/5        EV: 12    Int: 11    God:
Gold:   137        SH:  0    Dex: 14    Spells: 5/5 levels left

rFire   . . .      SeeInvis .    a - +0 war axe
rCold   . . .      Faith    .    (no shield)
rNeg    . . .      Spirit   .    b - +0 leather armour
rPois   .          Reflect  .    (helmet restricted)
rElec   .          Harm     .    (no cloak)
rCorr   .          Rampage  .    (no gloves)
Will    .....                    (no boots)
Stlth   +                        (no amulet)
HPRegen 0.25/turn                (no ring)
MPRegen 0.09/turn                (no ring)

@: no status effects
A: foul stench 2, horns 1, iridescent scales 1, inability to read after injury 1
a: no special abilities


You were on level 3 of the Dungeon.
You visited 1 branch of the dungeon, and saw 3 of its levels.

You collected 137 gold pieces.

Inventory:

Hand Weapons
 a - a +0 war axe (weapon)
Missiles
 e - a javelin (quivered)
 q - 2 boomerangs
Armour
 b - a +0 leather armour (worn)
 c - a +0 helmet
 f - a +0 ring mail
 j - a +0 scale mail
Wands
 p - a wand of digging (7)
Scrolls
 k - a scroll of poison {unknown}
 m - 2 scrolls of teleportation {unknown}
 n - 2 scrolls of identify {unknown}
Potions
 g - a potion of ambrosia {unknown}
 h - a potion of flight {unknown}
 i - a potion of mutation
 l - a potion of attraction {unknown}
 o - 2 potions of heal wounds {unknown}


   Skills:
 * Level 2.3 Fighting
 * Level 3.7 Axes
 + Level 1.7 Throwing
 * Level 1.0 Armour
 * Level 3.3 Dodging
 + Level 0.5 Stealth
 * Level 1.0 Spellcasting


You had 5 spell levels left.
You didn't know any spells.
Your spell library was empty.

Dungeon Overview and Level Annotations

Branches:
Dungeon (3/15)

Altars:


Innate Abilities, Weirdness & Mutations

You sometimes emit foul miasma when damaged in melee.
You have a pair of small horns on your head.
You are partially covered in iridescent scales. (AC +2)
You occasionally lose the ability to read scrolls when taking damage.


Message History

You throw a throwing net. The throwing net hits the orc wizard.
The orc struggles against the net.
Found a scroll labelled BYITAM UCO.
The orc struggles against the net.
The orc wizard struggles against the net.
The orc wizard struggles against the net.
The orc struggles against the net.
The net rips apart, and the orc comes free!
The orc wizard struggles against the net.
The orc hits you with a +0 hand axe. The orc barely misses you.
The orc wizard points at you and mumbles some strange words.
The puff of flame hits you!
The orc wizard struggles against the net.
The net rips apart, and the orc wizard comes free!
You slash the orc!
You kill the orc!
You hit the orc but do no damage.
You hit the orc wizard but do no damage.
The orc hits you but does no damage.
The orc wizard hits you with a +0 dagger.
The orc hits you with a +0 club. The orc hits you with a +0 hand axe.
You closely miss the orc. You hit the orc but do no damage.
You hit the orc wizard but do no damage.
The orc closely misses you. The orc wizard closely misses you.
The orc hits you with a +0 hand axe.
* * * LOW HITPOINT WARNING * * *
You emit a cloud of foul miasma!
The orc is engulfed in dark miasma.
The orc is poisoned.
The orc closely misses you.
The orc is engulfed in dark miasma.
The orc looks even sicker.
You kill the orc!
The orc wizard casts a spell at you. The magic dart hits you!
* * * LOW HITPOINT WARNING * * *
Your Armour skill increases to level 1!
It was a potion of mutation.
You feel extremely strange.
You occasionally lose the ability to read scrolls when taking damage.
Iridescent scales grow over part of your body.
A pair of horns grows on your head!
Your +0 helmet falls away!
The orc hits you with a +0 club.
You die...

#####.#####.#.##
#...............
#.###.#####.#.##
#.# #.#####.###
#.# #.......#
#.# #########
#####.###
#.......#
#..@##..#
#.o.##).#
#.○o....#
#)(##...# #.?#
...# #... ..# ##
##### ### ..
##.# ...####


You could see an orc wizard and an orc.

Vanquished Creatures
  Terence (D:3)
  A gnoll (D:1)
  3 adders
  A dart slug (D:2)
  2 orcs (D:3)
  A bat (D:2)
  5 endoplasms
  3 giant cockroaches
  3 goblins
  6 hobgoblins
  A quokka (D:3)
  5 ball pythons
  A frilled lizard (D:2)
  8 kobolds
  A rat (D:3)
42 creatures vanquished.

Notes
Turn   | Place    | Note
-------+----------+-------------------------------------------
     0 | D:1      | gelatine the Demonspawn Gladiator began the quest for the
                  | Orb.
     0 | D:1      | Reached XP level 1. HP: 16/16 MP: 1/1
    28 | D:1      | Found a faded altar of an unknown god.
   201 | D:1      | Gained mutation: You may rarely emit foul miasma when
                  | damaged in melee. [demonic ancestry]
   201 | D:1      | Reached XP level 2. HP: 22/22 MP: 2/2
   607 | D:1      | Reached XP level 3. HP: 16/27 MP: 3/3
  1468 | D:2      | Gained mutation: You sometimes emit foul miasma when
                  | damaged in melee. [demonic ancestry]
  1468 | D:2      | Reached XP level 4. HP: 24/33 MP: 5/5
  1836 | D:3      | Noticed Terence
  1841 | D:3      | Killed Terence
  1842 | D:3      | Reached skill level 1 in Spellcasting
  1984 | D:3      | HP: 1/33 [orc wizard/magic dart (8)]
  1985 | D:3      | Reached skill level 1 in Armour
  1985 | D:3      | Gained mutation: You occasionally lose the ability to read
                  | scrolls when taking damage. [potion of mutation]
  1985 | D:3      | Gained mutation: You are partially covered in iridescent
                  | scales. (AC +2) [potion of mutation]
  1985 | D:3      | Gained mutation: You have a pair of small horns on your
                  | head. [potion of mutation]
  1985 | D:3      | Slain by an orc

Illustrated notes

Levels and vault maps discovered:
D:1:      minmay_arrival_open_corners, layout_loops_cross,
          hellmonk_ecumenical_altar_crossroads
D:2:      layout_basic
D:3:      layout_loops_cross, gammafunk_temple_overflow_pools, uniq_terence

Skill      XL: |  1  2  3  4 |
---------------+-------------+-----
Dodging        | 3 |  3.3
Axes           | 3 |  3.7
Spellcasting   | 1 |  1.0
Armour         | 1 |  1.0
Fighting       | |  2.3
Throwing       | |  1.7
Stealth        | |  0.5

Action                     |  1- 3 |  4- 6 || total
---------------------------+-------+-------++-------
  Melee: War axe           |    85 |    19 ||   104
         Punch             |     1 |       ||     1
  Throw: Throwing net      |       |     3 ||     3
    Use: Potion            |       |     1 ||     1
   Stab: Sleeping          |     2 |     2 ||     4
 Armour: Leather armour    |    30 |     4 ||    34
  Dodge: Dodged            |    52 |    11 ||    63

Table legend: (Time is in decaauts)
 A = Elapsed time spent in this place.
 B = Non-inter-level travel time spent in this place.
 C = Inter-level travel time spent in this place.
 D = Time resting spent in this place.
 E = Time spent auto-exploring this place.
 F = Levels seen in this place.
 G = Mean time per level.
                   A        B        C        D        E       F      G
               +--------+--------+--------+--------+--------+-----+--------+
         Total |   2019 |   1947 |     72 |      0 |   1596 |   3 |  673.0 |
       Dungeon |   2019 |   1947 |     72 |      0 |   1596 |   3 |  673.0 |
               +--------+--------+--------+--------+--------+-----+--------+

Top non-repeatable levels by time:
     D:2: 1050 daAuts
     D:1: 765 daAuts
     D:3: 204 daAuts
